Map: 16-Bit LE

Players

DnS - Winner!

  • Race: Protoss Protoss
  • Spawn Location: 7:00

RiSky

  • Race: Zerg Zerg
  • Spawn Location: 1:00

Event: WCS Valencia 2018

VOD

Have the link to the VOD?

Description

Time

  • Played on: July 12, 2018, 8:24 a.m.
  • Length: 12:34

All games in this series

Show
View Real Time Build Order
Export as new Build Order

DnS Protoss - Winner!

Build Orders: 1 Gate Expand, Oracle Opening, Zealot Archon, Archon Drop 

Get SALT Encoding   

  12  0:00  Probe  
  13  0:12  Probe  
  14  0:19  Pylon  
  14  0:24  Probe  
  15  0:33  Probe  
  15  0:41  Probe  
  15  0:42  Gateway  
  16  0:49  Assimilator  
  17  0:51  Probe  
  18  1:03  Probe  
  19  1:16  Probe  
  20  1:26  Nexus  
  20  1:35  Cybernetics Core  
  20  1:38  Probe  
  21  1:44  Assimilator  
  21  1:50  Probe  
  22  1:54  Pylon  
  22  2:03  Adept, Probe  
  23  2:15  Probe  
  26  2:22  Adept, Stargate  
  26  2:27  Probe  
  27  2:36  Probe  
  29  2:37  Warp Gate  
  29  2:39  Probe  
  29  2:44  Probe  
  31  2:47  Adept  
  35  2:51  Probe  
  35  2:53  Probe  
  36  2:59  Oracle  
  36  3:03  Probe  
  37  3:05  Probe  
  41  3:14  Pylon  
  41  3:15  Probe  
  42  3:20  Probe  
  43  3:27  Probe  
  43  3:33  Probe  
  45  3:36  Oracle  
  45  3:39  Probe  
  46  3:45  Probe  
  46  3:46  Gateway  
  46  3:51  Probe  
  47  3:56  Adept  
  47  3:57  Probe  
  47  3:59  Nexus  
  50  4:04  Probe  
  50  4:09  Probe  
  52  4:10  Pylon  
  52  4:16  Probe  
  53  4:21  Probe  
  52  4:25  Phoenix  
  52  4:28  Assimilator  
  52  4:29  Assimilator  
  54  4:34  Twilight Council  
  54  4:36  Forge  
  54  4:38  Pylon  
  54  4:45  Robotics Facility  
  54  4:49  Pylon  
  54  4:51  Protoss Ground Weapons Level 1, Charge  
  54  4:56  Probe x2  
  56  5:08  Probe x2  
  58  5:14  Gateway  
  58  5:15  Gateway  
  58  5:18  Probe  
  58  5:20  Probe x2  
  61  5:22  Templar Archives  
  61  5:30  Warp Prism, Probe  
  61  5:31  Gateway  
  61  5:32  Gateway  
  61  5:35  Gateway x2  
  64  5:43  Probe x2  
  64  5:44  Probe  
  67  5:51  Zealot  
  67  5:53  Zealot  
  67  5:55  Probe, Pylon  
  67  5:56  Probe x2  
  74  6:02  Pylon  
  74  6:08  Probe x3  
  77  6:17  Assimilator x2  
  77  6:20  High Templar x3, Probe x2  
  77  6:21  High Templar, Probe, Protoss Ground Weapons Level 2  
  77  6:24  Archon x2  
  88  6:27  Pylon  
  88  6:32  Probe  
  89  6:34  Probe x2  
  89  6:37  Pylon  
  89  6:38  Pylon  
  91  6:45  Psionic Storm  
  91  6:51  Zealot x3  
  91  6:52  Zealot x3  
  91  6:53  Zealot x2  
  107  6:55  Probe  
  107  7:01  Pylon x2  
  92  7:27  Observer  
  88  7:30  Zealot x6  
  88  7:31  Zealot x2  
  105  7:41  Immortal  
  107  7:57  Nexus, High Templar x2  
  107  7:58  Zealot x3, High Templar x2  
  111  7:59  Zealot  
  113  8:11  Immortal  
  99  8:23  Pylon  
  99  8:24  High Templar x4, Pylon  
  99  8:26  Pylon  
  111  8:30  Protoss Ground Weapons Level 3  
  111  8:32  Archon x2  
  111  8:34  Zealot x3, High Templar  
  111  8:36  Probe x3  
  122  8:43  Warp Prism  
  122  8:51  Photon Cannon x2  
  122  8:52  Photon Cannon  
  122  8:54  Gateway  
  124  8:55  Gateway  
  124  8:57  Gateway, Assimilator  
  124  8:59  Gateway  
  124  9:02  Gateway  
  124  9:03  Assimilator  
  124  9:04  High Templar x2  
  124  9:05  Zealot x4  
  124  9:08  Archon  
  136  9:12  Shield Battery  
  136  9:39  Immortal  
  136  9:40  High Templar x2  
  136  9:42  Zealot  
  136  9:43  Fleet Beacon  
  136  9:44  Stargate  
  142  9:51  Archon  
  144  9:55  Shield Battery  
  144  9:58  Shield Battery, Probe x4  
  144  9:59  Pylon  
  136  10:02  Zealot  
  136  10:03  Zealot x6  
  146  10:11  Immortal  
  146  10:12  High Templar  
  146  10:13  High Templar x3  
  152  10:17  Archon  
  152  10:18  Archon  
  156  10:29  Zealot x5, High Templar x2  
  156  10:30  Zealot  
  172  10:36  Archon  
  170  10:52  Pylon  
  170  10:53  Pylon  
  170  10:55  Pylon  
  170  10:58  Zealot x7  
  170  10:59  Zealot x2  
  170  11:01  Anion Pulse-Crystals  
  170  11:02  Phoenix x2  
  183  11:19  High Templar x4  
  183  11:24  Stalker x3, Archon x2  
  183  11:25  Stalker  
  169  11:28  Phoenix x2  
  124  11:49  Stalker x3  
  124  11:51  Phoenix  
  126  12:04  Pylon  
  126  12:05  Pylon  
  126  12:08  Phoenix  
  126  12:10  Zealot  
  126  12:11  Zealot  
  128  12:19  Stalker x5  
  137  12:24  Stalker  
  137  12:29  Pylon  
Show
View Real Time Build Order
Export as new Build Order

RiSky Zerg 

Build Orders: Hatch First, Muta Ling Bane 

Get SALT Encoding   

  12  0:00  Drone  
  13  0:13  Overlord  
  13  0:17  Drone  
  14  0:31  Drone x2  
  14  0:35  Drone  
  17  0:52  Hatchery  
  17  0:56  Drone  
  17  1:00  Drone  
  18  1:10  Extractor  
  17  1:15  Spawning Pool  
  16  1:18  Drone  
  16  1:21  Drone  
  18  1:29  Drone  
  19  1:39  Overlord  
  19  1:50  Drone  
  20  2:02  Drone, Queen  
  20  2:04  Queen  
  20  2:05  Zergling x2  
  26  2:10  Metabolic Boost  
  26  2:14  Drone  
  27  2:17  Drone  
  28  2:26  Drone  
  28  2:28  Drone  
  30  2:34  Drone  
  31  2:47  Overlord  
  31  2:48  Zergling x2  
  31  2:50  Hatchery  
  31  2:51  Drone  
  31  2:55  Drone  
  33  2:59  Drone  
  34  3:06  Drone  
  34  3:11  Drone x2  
  37  3:15  Zergling x4  
  41  3:20  Zergling x4  
  41  3:24  Spore Crawler  
  40  3:29  Drone  
  40  3:34  Overlord  
  35  3:42  Drone  
  35  3:46  Drone x2  
  35  3:47  Drone x3  
  40  3:50  Evolution Chamber  
  40  3:55  Drone  
  40  3:56  Overlord  
  40  3:58  Drone  
  40  4:02  Overlord  
  41  4:06  Drone  
  41  4:08  Drone  
  43  4:13  Drone  
  43  4:16  Spore Crawler  
  42  4:20  Drone  
  42  4:24  Spore Crawler, Drone  
  42  4:28  Drone x2  
  42  4:29  Zerg Melee Weapons Level 1  
  42  4:31  Queen  
  44  4:34  Queen  
  44  4:36  Drone  
  49  4:40  Drone x2  
  49  4:41  Drone  
  52  4:48  Drone x3  
  52  5:01  Drone x4  
  52  5:02  Drone x4  
  59  5:11  Drone x3  
  59  5:13  Drone  
  63  5:16  Extractor, Overlord  
  63  5:19  Drone x2  
  64  5:22  Drone  
  64  5:23  Drone  
  64  5:26  Lair  
  66  5:28  Overlord  
  66  5:33  Overlord  
  66  5:34  Queen  
  68  5:36  Extractor, Queen  
  68  5:37  Extractor  
  68  5:40  Overlord  
  68  5:44  Baneling Nest  
  68  5:45  Spine Crawler  
  68  5:47  Zergling x4  
  68  5:49  Drone  
  69  5:51  Drone x2  
  71  5:59  Drone x2  
  71  6:00  Drone x4  
  77  6:04  Zergling x2  
  77  6:05  Zergling x2  
  77  6:09  Overlord, Queen  
  77  6:11  Drone  
  81  6:13  Overlord  
  81  6:14  Drone x2  
  81  6:17  Drone x2  
  85  6:18  Extractor  
  85  6:20  Extractor  
  85  6:23  Drone  
  85  6:24  Drone  
  85  6:26  Drone  
  85  6:29  Drone x2  
  85  6:30  Hatchery  
  85  6:31  Centrifical Hooks  
  87  6:38  Overseer  
  87  6:46  Hydralisk Den  
  86  6:48  Zergling x14  
  86  6:49  Zergling x10  
  98  6:58  Zergling x2  
  98  6:59  Zergling x6  
  102  7:02  Baneling  
  102  7:03  Overlord  
  102  7:14  Zergling x10  
  102  7:15  Queen x2  
  93  7:16  Queen  
  93  7:19  Zergling x6  
  93  7:21  Zergling x2  
  89  7:27  Drone x2  
  89  7:29  Drone x3  
  92  7:35  Baneling x3  
  92  7:36  Baneling  
  92  7:37  Zergling x4  
  93  7:39  Baneling x2  
  93  7:41  Zergling x4  
  96  7:50  Zergling x10  
  97  7:58  Zergling x8  
  90  8:10  Zergling x2  
  90  8:11  Zergling x6  
  86  8:14  Drone  
  86  8:17  Zerg Melee Weapons Level 2, Drone  
  86  8:19  Muscular Augments  
  86  8:20  Drone x2  
  86  8:25  Drone x2  
  90  8:27  Spire  
  89  8:34  Drone  
  89  8:36  Drone x3  
  89  8:38  Drone x2  
  95  8:44  Hydralisk x4  
  95  8:46  Extractor x2  
  100  8:48  Hydralisk x3  
  100  8:49  Hydralisk x2  
  100  8:52  Overlord  
  109  8:56  Overlord  
  109  8:58  Overlord  
  109  9:04  Overlord  
  109  9:05  Spore Crawler  
  108  9:11  Hydralisk x3  
  114  9:17  Zergling x16  
  114  9:23  Zergling x6  
  125  9:29  Zergling x12  
  131  9:34  Zergling x2  
  131  9:37  Overlord  
  132  9:40  Zergling x4  
  132  9:41  Zergling x4  
  132  9:43  Zerg Flyer Weapons Level 1  
  136  9:50  Mutalisk  
  136  9:51  Mutalisk x3  
  143  9:54  Mutalisk  
  143  9:58  Mutalisk x2  
  143  10:06  Mutalisk  
  143  10:07  Mutalisk x2  
  142  10:10  Mutalisk x2  
  149  10:15  Grooved Spines, Mutalisk  
  149  10:21  Overlord  
  150  10:24  Overlord  
  150  10:32  Overlord x2  
  150  10:34  Mutalisk  
  151  10:39  Mutalisk x4  
  157  10:47  Spine Crawler  
  157  10:48  Spine Crawler  
  155  10:51  Zergling x10  
  155  10:54  Baneling  
  155  10:55  Baneling x7  
  160  11:01  Zergling x10  
  164  11:04  Baneling x3  
  164  11:05  Baneling x3  
  164  11:08  Zergling x6  
  167  11:11  Zergling x4  
  167  11:14  Baneling x3  
  167  11:17  Zergling x4  
  167  11:18  Zergling x2  
  159  11:32  Zergling x18  
  150  11:33  Zergling x6  
  150  11:37  Zergling x2  
  150  11:39  Hydralisk x2  
  103  11:48  Mutalisk  
  103  11:51  Mutalisk  
  103  11:56  Mutalisk  
  103  12:00  Mutalisk  
  90  12:11  Overlord  
Tags
 
Add a new tag
Caveats
  • Supply blocks, unpowered buildings, or Contaminate may cause inaccurate times.
  • Supply counts are checked every 10 seconds.